 Dungeon Crawl Stone Soup version 0.29-a0-559-g359e09b9d1 (webtiles) character file.

Game seed: 7145927644573749816

7515 HoaS the Quickloader (level 11, -1/73 HPs)
             Began as a Kobold Hunter on June 10, 2022.
             Was an Elder of Okawaru.
             Slain by an unseen horror (7 damage)
             ... on level 10 of the Dungeon.
             The game lasted 00:21:01 (11802 turns).

HoaS the Quickloader (Kobold Hunter)               Turns: 11802, Time: 00:21:02

Health: -1/73      AC: -4    Str:  9    XL:     11   Next: 38%
Magic:  13/13      EV: 33    Int: 11    God:    Okawaru [****..]
Gold:   503        SH:  0    Dex: 27    Spells: 10/10 levels left

rFire   . . .      SeeInvis .   (weapon currently unavailable)
rCold   . . .      Faith    .   (shield currently unavailable)
rNeg    . . .      Spirit   .   (body armour currently unavailable)
rPois   .          Reflect  .   (helmet currently unavailable)
rElec   .          Harm     .   (cloak currently unavailable)
rCorr   .          Rampage  .   (gloves currently unavailable)
Will    .....                   (boots currently unavailable)
Stlth   ++++......              (no amulet)
HPRegen 0.22/turn               (ring currently unavailable)
MPRegen 0.13/turn               (ring currently unavailable)

@: lethally poisoned (-1 -> -4), bat-form, marked, corroded, flying, hasted,
very quick
A: fast, flying, no casting, tiny, no large weapons, nightstalker 3
a: Renounce Religion, Heroism, Finesse


You were on level 10 of the Dungeon.
You worshipped Okawaru.
Okawaru was greatly pleased with you.
You were a bat.
You visited 2 branches of the dungeon, and saw 11 of its levels.

You collected 633 gold pieces.
You spent 130 gold pieces at shops.

Inventory:

Hand Weapons
 y - a +0 arbalest (melded)
Missiles
 h - 3 throwing nets
Armour
 g - a +0 pair of gloves (melded)
 j - a +1 helmet (melded)
 o - a +1 pair of boots (melded)
 p - a +0 cloak (melded)
 x - +0 steam dragon scales (melded)
Jewellery
 r - a ring of see invisible (melded)
Wands
 b - a wand of digging (3)
 l - a wand of paralysis (7)
 s - a wand of mindburst (17)
 t - a wand of iceblast (18)
 w - a wand of flame (19)
Scrolls
 c - 4 scrolls of immolation
 v - 4 scrolls of poison
Potions
 e - 3 potions of attraction
 f - 3 potions of mutation
 i - a potion of ambrosia
 k - a potion of curing
 m - a potion of lignification {unknown}
 u - a potion of brilliance
Miscellaneous
 q - a lightning rod (4/4)


   Skills:
 - Level 10.5 Fighting
 * Level 14.0 Crossbows
 - Level 10.6 Dodging
 - Level 4.2 Stealth
 - Level 3.8 Invocations


You had 10 spell levels left.
You didn't know any spells.
Your spell library contained the following spells:

 Spells                   Type           Power      Damage    Failure   Level
 Confusing Touch          Hex            0%         N/A       71%         3
 Conjure Flame            Conj/Fire      0%         6-21      71%         3
 Ignite Poison            Fire/Tmut/Pois 0%         N/A       71%         3
 Sticky Flame             Conj/Fire      0%         2d3       98%         4
 Yara's Violent Unravell  Hex/Tmut       0%         3d3       100%        5
 Enfeeble                 Hex            0%         N/A       100%        7


Dungeon Overview and Level Annotations

Branches:
Dungeon (10/15)            Temple (1/1) D:7            Lair (0/6) D:8
    Orc: D:9-12

Altars:
Ashenzari
Cheibriados
Dithmenos
Elyvilon
Fedhas
Gozag
Hepliaklqana
Kikubaaqudgha
Makhleb
Nemelex Xobeh
Okawaru
Qazlal
Ru
Sif Muna
Trog
Uskayaw
Vehumet
Wu Jian
Xom
Yredelemnul
Zin
The Shining One

Shops:
D:2 *   D:8 [

Annotations:
D:8 1 runed translucent door, Haaias's ghost, novice HuCA
D:10 Erolcha; Harold; Psyche


Innate Abilities, Weirdness & Mutations

You are a bat.
You are tiny and dextrous.
You move quickly.
You are flying.
Your equipment is almost entirely melded.
You are incapable of wielding weapons or throwing items.
You cannot cast spells.
You are small and have problems with some larger weapons.
You are completely attuned to the shadows.


Message History

An orc priest comes into view. It is wielding a +0 club.
Something closely misses you. x2; Harold is engulfed in poison gas.
Harold looks as sick as possible!
Harold hits you with a +0 hand axe! Something barely misses you.
You are too confused!
You feel better. Something misses you.
Erolcha is engulfed in poison gas.
Erolcha looks even sicker.
The orc priest is engulfed in poison gas.
The orc priest is poisoned.
You kill the orc priest!
Okawaru accepts your kill. Something completely misses you.
Something closely misses you.
Harold is engulfed in poison gas.
Harold looks as sick as possible!
Harold says happily, "The price on your head will fill my nest egg nicely!"
Harold splashes around in the water.
Okawaru accepts your kill.
You hear a splash. x2
Reactivating autopickup.
You feel a bit more experienced.
Erolcha is engulfed in poison gas.
Erolcha looks even sicker.
Erolcha completely misses you. Something hits you.
Deactivating autopickup; reactivate with Ctrl-A.
Something hits you.
Harold is engulfed in poison gas.
Harold looks as sick as possible!
Harold hits you with a +0 hand axe! Something hits you!
* * * LOW HITPOINT WARNING * * *
Something closely misses you.
You hear some strange, mumbled words.
A swirling arc of seething chaos appears!
An arc of chaos appears from out of thin air!
The arc of chaos hits you!
You are poisoned.
* * * LOW HITPOINT WARNING * * *
The arc of chaos arcs out of your line of sight!
The arc of chaos suddenly appears!
Something completely misses you.
Erolcha is engulfed in poison gas.
Erolcha looks as sick as possible!
Erolcha completely misses you.
You feel sick. Something hits you!
You die...

......###.....#####.#
...##.##.....#≈≈≈####
?#........#.##≈≈.≈≈##
..........###≈≈♣.♣≈≈#
.##....##...#§.☼§○§§#
. #.##..###.#§○♣.♣§○#
.. .#.. ##§§O§§##
##@.O## ##b## #☼# #{#
.?.§○# ##.### ##


You could see Harold (extremely poisoned, drained), a two-headed ogre (poisoned)
and Erolcha (extremely poisoned).

Vanquished Creatures
  A two-headed ogre (D:8)
  Pikel (D:9)
  An elephant (D:7)
  A kobold demonologist (D:10)
  A troll (D:9)
  A wraith (D:10)
  2 wyverns
  6 yaks (D:9)
  3 steam dragons
  A basilisk (D:8)
  An acid dragon (D:9)
  A water moccasin (D:5)
  2 ice beasts
  A sky beast (D:7)
  An orc warrior (D:7)
  4 black bears
  4 centaurs
  A phantom (D:4)
  3 kobold brigands
  3 lemures (D:9)
  A gnoll sergeant (D:9)
  2 bullfrogs
  6 scorpions
  3 wights (D:9)
  11 killer bees
  2 howler monkeys
  3 hounds
  A jelly (D:5)
  6 orc priests
  2 iguanas
  4 gnoll shamans
  Terence (D:3)
  7 orc wizards
  20 gnolls
  6 adders
  A white imp (D:7)
  2 ufetubi
  An adder skeleton (D:3)
  4 worms
  3 dart slugs
  32 orcs
  5 endoplasms
  4 giant cockroaches
  6 goblins
  9 hobgoblins
  14 kobolds
  4 quokkas
  4 ball pythons
  4 bats
  A quokka zombie (D:3)
  2 rats
210 creatures vanquished.

Vanquished Creatures (others)
  An orc (D:10)
  2 withered plants (D:3)
3 creatures vanquished.

Grand Total: 213 creatures vanquished

Notes
Turn   | Place    | Note
-------+----------+-------------------------------------------
     0 | D:1      | HoaS the Kobold Hunter began the quest for the Orb.
     0 | D:1      | Reached XP level 1. HP: 12/12 MP: 1/1
   145 | D:1      | Reached XP level 2. HP: 17/17 MP: 2/2
   216 | D:1      | Reached skill level 6 in Crossbows
   743 | D:2      | Reached XP level 3. HP: 21/21 MP: 3/3
  1187 | D:2      | Reached skill level 7 in Crossbows
  1187 | D:2      | Reached XP level 4. HP: 16/26 MP: 4/4
  1340 | D:2      | Found Siomoewk's General Store.
  1354 | D:2      | Bought 2 potions of heal wounds for 130 gold pieces
  1554 | D:2      | Found a faded altar of an unknown god.
  1815 | D:3      | Noticed Terence
  1826 | D:3      | Killed Terence
  1827 | D:3      | Reached skill level 8 in Crossbows
  1827 | D:3      | Reached XP level 5. HP: 22/30 MP: 5/5
  1949 | D:3      | Found a snail-covered altar of Cheibriados.
  1999 | D:3      | HP: 1/30 [gnoll/+0 spear[a gnoll shaman] (7)]
  2003 | D:3      | Reached skill level 9 in Crossbows
  2003 | D:3      | Reached XP level 6. HP: 2/35 MP: 6/6
  2939 | D:4      | Reached skill level 10 in Crossbows
  2948 | D:4      | Reached XP level 7. HP: 26/40 MP: 7/7
  3282 | D:5      | Entered Level 5 of the Dungeon
  3507 | D:5      | Reached XP level 8. HP: 10/48 MP: 8/8
  4072 | D:5      | Found a white marble altar of Elyvilon.
  4240 | D:5      | Reached skill level 5 in Fighting
  4240 | D:5      | Reached skill level 5 in Dodging
  5535 | D:6      | Reached XP level 9. HP: 49/56 MP: 9/9
  5916 | D:7      | Found a staircase to the Ecumenical Temple.
  5921 | Temple   | Entered the Ecumenical Temple
  6187 | Temple   | Became a worshipper of Warmaster Okawaru
  6344 | D:7      | Reached skill level 1 in Invocations
  6937 | D:7      | Reached * piety under Okawaru
  7273 | D:7      | Reached XP level 10. HP: 49/65 MP: 11/11
  7428 | D:8      | Found a runed translucent door.
  7433 | D:8      | Noticed Haaias's ghost (novice HuCA)
  7448 | D:8      | Noticed an elephant
  7778 | D:7      | Killed an elephant
  7779 | D:7      | Reached skill level 10 in Dodging
  8300 | D:8      | Found a staircase to the Lair.
  8496 | D:8      | Reached skill level 10 in Fighting
  8904 | D:8      | Found Iwkoel's Antique Armour Shop.
  9254 | D:8      | Noticed a two-headed ogre
  9387 | D:8      | Reached ** piety under Okawaru
  9694 | D:8      | Killed a two-headed ogre
  9740 | D:8      | Noticed a green ugly thing
 10357 | D:9      | Reached *** piety under Okawaru
 10363 | D:9      | Reached skill level 11 in Crossbows
 10783 | D:9      | Reached XP level 11. HP: 73/73 MP: 13/13
 10786 | D:9      | Noticed Pikel
 10805 | D:9      | Killed Pikel
 10806 | D:9      | Reached skill level 12 in Crossbows
 11112 | D:9      | Reached skill level 13 in Crossbows
 11117 | D:9      | Reached **** piety under Okawaru
 11455 | D:10     | Entered Level 10 of the Dungeon
 11729 | D:10     | Noticed Erolcha
 11756 | D:10     | Reached skill level 14 in Crossbows
 11782 | D:10     | Noticed Psyche
 11786 | D:10     | Noticed Harold
 11790 | D:10     | Noticed a two-headed ogre
 11802 | D:10     | Slain by an unseen horror

Illustrated notes

Levels and vault maps discovered:
D:1:      dpeg_arrival_tiny_a, layout_rooms, minmay_misc_feat_encased
D:2:      layout_basic, hellmonk_ecumenical_altar_leap_of_faith, serial_shops,
          nicolae_shop_temple_entry_statues_fountains
D:3:      layout_rooms, overflow_temple_1_default, serial_undead,
          serial_undead_c, serial_undead_f, serial_undead_b, serial_undead_a,
          uniq_terence
D:4:      layout_basic
D:5:      layout_basic, mainiacjoe_overflow_surrounded_room
D:6:      layout_loops_ring
D:7:      minmay_inner_zag, layout_loops_corners, temple_statues
D:8:      layout_gridville, david_lair_generic, ebering_ghost_inner_flame,
          serial_shops, kennysheep_mini
D:9:      layout_rooms, kennysheep_doodads, uniq_pikel
D:10:     layout_rooms, kennysheep_small_circle, uniq_psyche, uniq_gastronok,
          uniq_harold, uniq_erolcha
Temple:   regret_index_temple_chain_breaker

Skill      XL: |  1  2  3  4  5  6  7  8  9 10 11 |
---------------+----------------------------------+-----
Crossbows      | 6 7 8 9 10 11 14 | 14.0
Dodging        | 4 7 9 10 | 10.6
Stealth        | 3 4 |  4.2
Fighting       | 4 6 8 10 | 10.5
Invocations    | 2 3 |  3.8

Action                   |  1- 3 |  4- 6 |  7- 9 | 10-12 || total
-------------------------+-------+-------+-------+-------++-------
Melee: Unarmed           |       |       |       |     2 ||     2
 Fire: Hand crossbow     |    74 |   143 |   409 |   192 ||   818
       Arbalest          |       |       |       |   155 ||   155
Invok: Heroism           |       |       |       |     3 ||     3
  Use: Scroll            |     4 |     6 |     5 |     3 ||    18
       Potion            |       |     2 |     2 |     5 ||     9
Armor: Leather armour    |     5 |    18 |    92 |    19 ||   134
       Steam dragon scal |       |       |       |    52 ||    52
Dodge: Dodged            |    19 |    54 |   197 |   423 ||   693
Block: Buckler           |     4 |    16 |    73 |    86 ||   179

Table legend: (Time is in decaauts)
 A = Elapsed time spent in this place.
 B = Non-inter-level travel time spent in this place.
 C = Inter-level travel time spent in this place.
 D = Time resting spent in this place.
 E = Time spent auto-exploring this place.
 F = Levels seen in this place.
 G = Mean time per level.
                   A        B        C        D        E       F      G
               +--------+--------+--------+--------+--------+-----+--------+
         Total |  11957 |  11261 |    696 |   3759 |   5610 |  11 | 1087.0 |
       Dungeon |  11680 |  11023 |    657 |   3759 |   5391 |  10 | 1168.0 |
        Temple |    276 |    237 |     39 |      0 |    219 |   1 |  276.0 |
               +--------+--------+--------+--------+--------+-----+--------+

Top non-repeatable levels by time:
     D:7: 2379 daAuts
     D:8: 2028 daAuts
     D:5: 1715 daAuts
     D:9: 1232 daAuts
     D:2: 1178 daAuts
     D:3: 909 daAuts
     D:6: 804 daAuts
     D:4: 757 daAuts
     D:1: 512 daAuts
  Temple: 276 daAuts
    D:10: 161 daAuts
